 Dungeon Crawl Stone Soup version 0.21-a0-442-g848f44b (webtiles) character file.

492214 AverageBear the Eclecticist (level 23, -5/140 HPs)
             Began as a Deep Elf Fighter on Nov 14, 2017.
             Was the Champion of Ashenzari.
             Slain by a deep troll earth mage (9 damage)
             ... on level 5 of the Depths.
             The game lasted 03:03:54 (51584 turns).

AverageBear the Eclecticist (Deep Elf Fighter)     Turns: 51584, Time: 03:03:54

Health: -5/140     AC: 44    Str: 20    XL:     23   Next: 90%
Magic:  47/47      EV: 11    Int: 29    God:    Ashenzari [******]
Gold:   2062       SH:  9    Dex: 16    Spells: 8/58 levels left

rFire    + + .     SeeInvis +   Y - +12 rapier "Killer Klown's Bane" {pierce, Int+6} (curse)
rCold    + + +     Gourm    .   u - +2 buckler (curse)
rNeg     + . .     Faith    .   E - +4 gold dragon scales (curse)
rPois    +         Spirit   .   (helmet restricted)
rElec    +         Reflect  .   a - +2 cloak {+Inv} (curse)
rCorr    +         Harm     .   m - +0 pair of gloves of Depression {rC+} (curse)
MR       +++..     Clarity  +   U - +2 pair of boots "Naar" {rN+ Regen+ Int+2} (curse)
Stlth    ..........             e - amulet of regeneration (curse)
HPRegen  2.13/turn              C - ring of Impatience {rCorr *Drain +Blink rElec rF+} (curse)
MPRegen  0.30/turn              b - ring of Robustness {AC+8} (curse)

@: lethally poisoned (-5 -> -5), regenerating (expiring)
A: claws 1, horns 2, icy blue scales 1, rugged brown scales 1, thin skeletal
structure 1, clever 2, cold resistance 1, magic resistance 1, electricity
resistance
}: 2/15 runes: serpentine, barnacled
a: Curse Item, Scrying, Transfer Knowledge, Renounce Religion, Evoke Blink,
Evoke Invisibility


You were on level 5 of the Depths.
You worshipped Ashenzari.
Ashenzari was exalted by your worship.
You were very hungry.

You visited 8 branches of the dungeon, and saw 40 of its levels.
You also visited: Ice Cave.

You collected 5754 gold pieces.
You spent 3692 gold pieces at shops.

Inventory:

Hand Weapons
 Y - the cursed +12 rapier "Killer Klown's Bane" (weapon) {pierce, Int+6}
   (You found it on level 14 of the Dungeon)

   It inflicts extra damage upon your enemies.
   It affects your intelligence (+6).
   It has a curse placed upon it.
Missiles
 q - 3 throwing nets (quivered)
Armour
 a - a cursed +2 cloak of invisibility (worn)
 m - the cursed +0 pair of gloves of Depression (worn) {rC+}
   (You acquired it on level 1 of the Snake Pit)

   It protects you from cold.
   It has a curse placed upon it.
 p - the cursed +1 helmet "Noqut" {-Tele rN+++ Regen+ SInv}
   (You took it off Robin on level 3 of the Dungeon)

   It renders you almost immune to negative energy.
   It lets you see invisible.
   It prevents most forms of teleportation.
   It increases your rate of regeneration.
   It has a curse placed upon it.
 u - a cursed +2 buckler (worn)
 E - cursed +4 gold dragon scales (worn)
 M - the +0 cloak of Patterns {+Inv rElec}
   (You bought it in a shop on level 6 of the Dungeon)

   It insulates you from electricity.
   It lets you turn invisible.
 U - the cursed +2 pair of boots "Naar" (worn) {rN+ Regen+ Int+2}
   (You found it on level 4 of the Depths)

   It affects your intelligence (+2).
   It protects you from negative energy.
   It increases your rate of regeneration.
   It has a curse placed upon it.
Jewellery
 b - the cursed ring of Robustness (right hand) {AC+8}
   (You found it in an ice cave)

   [ring of protection]

   It affects your AC (+8).
   It has a curse placed upon it.
 e - a cursed amulet of regeneration (around neck)
 C - the cursed ring of Impatience (left hand) {rCorr *Drain +Blink rElec rF+}
   (You took it off a deep elf sorcerer on level 3 of the Elven Halls)

   [ring of resist corrosion]

   It protects you from fire.
   It insulates you from electricity.
   It lets you blink.
   It causes draining when unequipped.
   It has a curse placed upon it.
Wands
 d - a wand of paralysis (14/24)
 o - a wand of clouds (3/9)
 x - a wand of clouds (3/9)
 z - a wand of acid (3/15)
 A - a wand of digging (5/24)
 F - a wand of disintegration (15/24)
 H - a wand of lightning (3/15)
 K - a wand of scattershot (5/9)
 P - a wand of iceblast (0/15)
Scrolls
 g - a scroll of amnesia
 i - 14 scrolls of teleportation
 r - 3 scrolls of recharging
 v - 7 scrolls of fog
 w - 2 scrolls of enchant weapon
 G - a scroll of holy word
 L - 5 scrolls of magic mapping
 S - 2 scrolls of immolation
 T - 3 scrolls of remove curse
 V - a scroll of fear
 Z - 5 scrolls of identify
Potions
 c - 2 potions of cancellation
 k - 3 potions of brilliance
 s - a potion of flight
 D - 3 potions of might
 I - 2 potions of magic
 W - a potion of resistance
Miscellaneous
 y - a lightning rod (4/4)
 N - a lightning rod (4/4)
 O - a fan of gales
 Q - a sack of spiders
 R - 4 phantom mirrors
Comestibles
 f - 23 bread rations
 j - 14 fruits
 l - 16 meat rations
 n - 10 royal jellies


   Skills:
 - Level 11.6 Fighting
 - Level 10.5(14.7) Short Blades
 + Level 11.7(15.9) Armour
 - Level 14.0 Dodging
 - Level 16.1 Stealth
 - Level 9.1(12.0) Shields
 - Level 18.4 Spellcasting
 - Level 11.8(16.0) Conjurations
 - Level 10.0(14.3) Hexes
 - Level 11.1(15.3) Charms
 - Level 7.5(12.0) Summonings
 - Level 14.7(18.7) Necromancy
 - Level 2.7(6.4) Translocations
 - Level 6.0(10.5) Fire Magic
 - Level 8.6(13.0) Ice Magic
 - Level 8.3(12.7) Air Magic
 - Level 4.6(9.0) Earth Magic
 - Level 10.5(14.8) Evocations


You had 8 spell levels left.
You knew the following spells:

 Your Spells              Type           Power        Failure   Level  Hunger
a - Regeneration          Chrm/Necr      #######...   1%          3    None
b - Animate Dead          Necr           N/A          1%          4    None
c - Control Undead        Necr           #######...   1%          4    None
d - Mephitic Cloud        Conj/Pois/Air  ######..     3%          3    None
e - Conjure Flame         Conj/Fire      #######.     1%          3    None
f - Blink                 Tloc           N/A          8%          2    None
g - Throw Icicle          Conj/Ice       #######.     1%          4    None
h - Summon Ice Beast      Ice/Summ       #######.     4%          4    None
i - Cause Fear            Hex            #######...   1%          4    None
j - Shroud of Golubria    Chrm/Tloc      ######....   1%          2    None
k - Inner Flame           Hex/Fire       #######.     1%          3    None
l - Confuse               Hex            #######.     1%          3    None
m - Freezing Cloud        Conj/Ice/Air   #######...   34%         6    #......
n - Bolt of Magma         Conj/Fire/Erth #######...   16%         5    None


Dungeon Overview and Level Annotations

Branches:
Dungeon (15/15)            Temple (1/1) D:6            Lair (6/6) D:10
 Shoals (4/4) Lair:4        Snake (4/4) Lair:3        Slime (0/5) Lair:6
    Orc (2/2) D:11            Elf (3/3) Orc:2        Depths (5/5) D:15
 Vaults: D:13-14        Zot: Depths:5

Altars:
Ashenzari
Cheibriados
Dithmenos
Elyvilon
Fedhas
Gozag
Hepliaklqana
Kikubaaqudgha
Makhleb
Nemelex Xobeh
Okawaru
Qazlal
Ru
Sif Muna
Trog
Uskayaw
Vehumet
Wu Jian
Xom
Yredelemnul
Zin
The Shining One
Beogh
Jiyva
Lugonu

Shops:
D:6 [=[%!   D:7 !   D:8 **   D:15 !   Orc:1 (   Orc:2 *[%[   Elf:2 %
Shoals:2 *   Shoals:4 ?[}   Snake:1 *((   Snake:2 *}=}   Depths:1 [[*[(
Depths:4 :

Portals:
Hell: Depths:1 Depths:2 Depths:4 Depths:5
Abyss: Depths:4
Pandemonium: Depths:2 Depths:3
Ziggurat: Depths:1
Trove: Depths:4 (show slimy rune of Zot)

Annotations:
D:6 THUG4L1F3's ghost, novice DsGl
D:13 exclusion: door
Shoals:4 Ilsuiw
Depths:2 exclusion: 2 orange crystal statues


Innate Abilities, Weirdness & Mutations

You have sharp fingernails.
You have a pair of horns on your head.
You are partially covered in icy blue scales. (AC +2)
You are partially covered in rugged brown scales. (AC +1, +3% HP)
You have a somewhat thin skeletal structure. (Dex +2, Stealth)
Your mind is very acute. (Int +4)
Your flesh is cold resistant. (rC+)
You are resistant to hostile enchantments. (MR+)
You are resistant to electric shocks. (rElec)


Message History

You hear a screech!
You hear an angry buzzing noise.
You hear a shout!
The vampire knight hits you with an enchanted dire flail!
* * * LOW HITPOINT WARNING * * *
The vampire knight bites you but does no damage.
A spriggan air mage comes into view.
Ashenzari warns you: It is wearing a robe of positive energy.
Okay, then.
The queen ant changes into a tyrant leech!
The merfolk javelineer throws a poisoned javelin.
The poisoned javelin hits you but does no damage.
You are poisoned.
The vampire knight blinks!
A merfolk javelineer comes into view.
Ashenzari warns you: It is wielding a spear of piercing and quivering 11 poisoned javelins.
There is a stone staircase leading up here.
You see here a poisoned javelin.
You feel sick.
You block the deep troll earth mage's attack.
The deep troll earth mage claws you!
You die...

§....................., ,,,*
..............#..8......,*,*
§.......................,
***
..........w...C.........,,,
, ........................
,,,,,*
.........(..............,
≈≈,*,*
..........i......D.....b ,≈
≈, ...........D((G........m
,≈* *
..............§T@......P
,≈≈≈,,,
........................ {≈
≈,,*
...........V............ ,
≈≈≈,{*
..........#####........P,≈{
≈,,,* , ........# ∩
#........♣{, ≈ ,,*
,,.......** #.........≈,≈≈,≈
* ,...... , *#......#..*, ,*
,, , *, , .........# ,
*,,,,# , , ,,
,,,,,,*#.....#### #####


You could see a caustic shrike (wandering), a fire dragon, an ice dragon, a
stone giant, a merfolk javelineer, a vampire knight, a great orb of eyes, a
tyrant leech shaped shifter, a spriggan air mage and a deep troll earth mage.

Vanquished Creatures
  Vashnia (Snake:3)
  A golden dragon (Depths:4)
  Jory (Depths:4)
  A lich (Depths:3)
  Nikola (Snake:2)
  A titan (Depths:4)
  A quicksilver dragon (Depths:4)
  2 deep elf master archers (Elf:3)
  Frances (D:12)
  A deep elf blademaster (Elf:2)
  Polyphemus (Shoals:4)
  A tengu reaver (Depths:1)
  Kirke (D:12)
  Roxanne (Shoals:2)
  A storm dragon (Depths:4)
  Donald (Snake:3)
  9 nagarajas
  2 fire giants
  3 frost giants
  4 deep elf sorcerers
  Aizul (Snake:2)
  4 deep elf elementalists (Elf:3)
  Louise (Shoals:2)
  4 stone giants
  4 spriggan defenders
  A war gargoyle (Depths:2)
  9 very ugly things (Depths:4)
  A vampire knight (Depths:3)
  6 deep elf demonologists
  2 dire elephants
  13 deep elf annihilators
  5 merfolk javelineers
  5 ettins
  2 eidola (Depths:2)
  6 deep elf death magi
  3 jiangshi
  4 fire dragons
  5 great orbs of eyes
  6 hydras
  6 deep elf high priests
  14 merfolk impalers
  21 naga warriors
  5 yaktaur captains
  4 ice dragons
  9 merfolk avatars
  2 rakshasas
  Erolcha (D:10)
  A spriggan air mage (Depths:5)
  6 centaur warriors
  2 catoblepae
  30 two-headed ogres
  An alligator snapping turtle (Shoals:2)
  2 satyrs
  A two-headed ogre (shapeshifter) (Depths:1)
  10 anacondas
  24 dancing weapons
  A merfolk aquamancer (Shoals:3)
  13 death yaks
  11 deep troll shamans
  10 tengu warriors
  6 ogre magi
  A small abomination (Elf:3)
  14 deep troll earth magi
  A soul eater (Depths:2)
  2 vampire magi
  17 deep elf knights
  19 naga sharpshooters
  7 shock serpents
  2 orc high priests
  2 spriggan berserkers
  5 iron trolls
  11 hell knights
  A shadow wraith (Depths:1)
  2 salamander mystics (Snake:3)
  23 sea snakes
  3 unseen horrors
  10 skeletal warriors
  5 glowing orange brains
  26 deep trolls
  A phantasmal warrior (Depths:2)
  8 deep elf archers
  A spectral minotaur (Depths:2)
  3 death drakes (Depths:2)
  2 flayed ghosts
  4 harpies
  A wizard (Elf:1)
  8 naga ritualists
  A wolf spider (D:15)
  15 mana vipers
  3 necromancers
  8 cyclopes
  18 fauns
  A shining eye (shapeshifter) (D:12)
  13 ugly things
  11 salamanders
  2 orc sorcerers (Orc:2)
  54 deep elf magi
  14 slime creatures
  9 elephants
  6 water nymphs
  9 manticores
  37 black mambas
  2 ice statues (IceCv)
  12 merfolk sirens
  3 molten gargoyles (Depths:3)
  A smoke demon (Depths:3)
  9 spiny frogs
  9 guardian serpents
  4 gargoyles
  12 naga magi
  4 spectral swamp worms (Depths:1)
  Psyche (D:12)
  A rime drake (shapeshifter) (Depths:1)
  3 kobold demonologists
  4 rime drakes
  4 spectral merfolk (Depths:2)
  16 yaktaurs
  6 komodo dragons
  23 merfolk
  8 tengu conjurers
  An anaconda simulacrum (Depths:2)
  The ghost of johnl023 the Chopper, an amateur HOFi of Beogh (D:5)
  The ghost of isock the Covered, an amateur GnWn of Makhleb (D:4)
  3 hornets
  3 polar bears (Lair:6)
  20 trolls
  3 wind drakes
  23 blink frogs
  3 raiju
  17 dream sheep
  10 hippogriffs
  11 snapping turtles
  An air elemental (Elf:2)
  7 spriggans
  10 water elementals
  3 vampires
  6 wraiths
  A wyvern (D:9)
  4 shadows (Depths:2)
  5 fire elementals
  A basilisk (Lair:6)
  22 yaks
  2 hungry ghosts
  A hog (D:12)
  Grum (D:8)
  4 vampire mosquitoes
  5 wargs
  Menkaure (D:7)
  68 nagas
  A floating eye (Depths:2)
  8 hell hounds
  2 hydra simulacra (Depths:2)
  7 porcupines
  16 water moccasins
  A floating eye (shapeshifter) (Elf:3)
  A spectral spriggan (Depths:2)
  2 black bears
  4 sky beasts
  A snapping turtle zombie (Depths:2)
  6 spectral trolls (Depths:2)
  A hornet zombie (D:14)
  16 orc warriors
  An eye of draining (D:15)
  17 ice beasts
  2 necrophages
  39 ogres
  14 wolves
  27 centaurs
  15 crocodiles
  2 phantoms
  9 boggarts
  A big kobold (D:7)
  Blork the orc (D:5)
  16 bullfrogs
  A wyvern zombie (D:8)
  3 earth elementals
  8 scorpions
  A spectral ogre (Depths:2)
  10 wights
  13 killer bees
  2 spectral nagas (Depths:2)
  2 vampire bats (Orc:1)
  2 electric eels
  3 howler monkeys
  6 crimson imps
  3 spectral centaurs (Depths:2)
  2 bullfrog zombies
  9 hounds
  2 quasits
  2 centaur zombies
  6 jellies
  Crazy Yiuf (D:2)
  22 orc priests
  3 centaur skeletons
  Jessica (D:2)
  4 iguanas
  16 orc wizards
  15 worker ants
  A killer bee zombie (D:3)
  2 hound skeletons
  Robin (D:3)
  3 gnolls
  9 adders
  4 shadow imps
  An ooze (D:2)
  2 adder skeletons
  3 dart slugs
  5 leopard geckos
  85 orcs
  A ball python (D:7)
  16 bats
  7 giant cockroaches
  12 goblins
  8 hobgoblins
  17 jackals
  8 quokkas
  9 frilled lizards
  2 jackal zombies
  13 kobolds
  A quokka skeleton (D:4)
  10 rats
1604 creatures vanquished.

Vanquished Creatures (others)
  A deep elf sorcerer (Elf:3)
  A sea snake (Shoals:4)
  An orange crystal statue (Depths:2)
  A manticore (Shoals:1)
  A yaktaur (Depths:1)
  An air elemental (Elf:3)
  A human (D:12)
  A naga (Snake:4)
  A necrophage (D:12)
  A scorpion (D:5)
  Ijyb (D:5)
  3 adders
  A leopard gecko (D:5)
  An orc (Orc:1)
  3 fungi (Depths:2)
  41 plants
60 creatures vanquished.

Grand Total: 1664 creatures vanquished

Notes
Turn   | Place    | Note
-------+----------+-------------------------------------------
     0 | D:1      | AverageBear the Deep Elf Fighter began the quest for the Orb.
     0 | D:1      | Reached XP level 1. HP: 13/13 MP: 3/3
    38 | D:1      | Reached XP level 2. HP: 12/18 MP: 4/4
   868 | D:2      | Reached XP level 3. HP: 22/22 MP: 5/5
   927 | D:2      | Reached XP level 4. HP: 7/27 MP: 6/6
  1154 | D:2      | Noticed Jessica
  1166 | D:2      | Killed Jessica
  1172 | D:2      | Reached skill level 5 in Short Blades
  1281 | D:2      | Found a runed door.
  1410 | D:2      | Noticed Crazy Yiuf
  1420 | D:2      | Killed Crazy Yiuf
  1420 | D:2      | Reached XP level 5. HP: 8/31 MP: 7/7
  1520 | D:3      | Found a snail-covered altar of Cheibriados.
  1687 | D:3      | Found a burning altar of Makhleb.
  1688 | D:3      | Found a radiant altar of Vehumet.
  1881 | D:3      | Noticed Robin
  1936 | D:3      | Killed Robin
  1945 | D:3      | Got a smoking helmet
  1951 | D:3      | Identified the +1 helmet "Noqut" {-Tele rN+++ Regen+ SInv} (You took it off Robin on level 3 of the Dungeon)
  2105 | D:2      | Reached XP level 6. HP: 31/36 MP: 8/8
  2153 | D:3      | Found a stormy altar of Qazlal.
  2153 | D:3      | Found a blossoming altar of Fedhas.
  2946 | D:4      | Noticed isock's ghost (amateur GnWn)
  3346 | D:5      | Entered Level 5 of the Dungeon
  3346 | D:5      | Noticed Blork the orc
  3420 | D:4      | Gained mutation: You expend magic power (3 MP) to strengthen your wands. [potion of mutation]
  3420 | D:4      | Gained mutation: You are resistant to hostile enchantments. (MR+) [potion of mutation]
  3420 | D:4      | Gained mutation: Your flesh is cold resistant. (rC+) [potion of mutation]
  3420 | D:4      | Gained mutation: You are partially covered in iridescent scales. (AC +2) [potion of mutation]
  3872 | D:4      | Reached skill level 1 in Dodging
  3872 | D:4      | Reached XP level 7. HP: 32/40 MP: 9/9
  3955 | D:5      | Gained mutation: You have supernaturally acute eyesight. (SInv) [mutagenic meat]
  3956 | D:5      | Gained mutation: You have large cloven feet. [mutagenic meat]
  4082 | D:5      | Noticed johnl023's ghost (amateur HOFi)
  4304 | D:5      | Killed johnl023's ghost
  4304 | D:5      | Reached XP level 8. HP: 45/45 MP: 10/10
  4308 | D:5      | Killed Blork the orc
  4471 | D:5      | Killed Ijyb
  4662 | D:5      | Found an opulent altar of Gozag.
  4667 | D:5      | Found a deep blue altar of Sif Muna.
  4674 | D:5      | Found a glowing silver altar of Zin.
  4846 | D:6      | Found Bydgh's Antique Armour Shop.
  4857 | D:6      | Bought a runed buckler for 172 gold pieces
  4873 | D:6      | Noticed THUG4L1F3's ghost (novice DsGl)
  4917 | D:6      | Found Nauschiu's Jewellery Boutique.
  4971 | D:6      | Got a smelly chain mail
  5095 | D:6      | Identified the +1 chain mail of a sewer {-Cast rPois Int+4} (You found it on level 6 of the Dungeon)
  5190 | D:6      | Found Seorric's Antique Armour Emporium.
  5411 | D:6      | Reached skill level 5 in Shields
  5420 | D:6      | Found an iron altar of Okawaru.
  5421 | D:6      | Found a white marble altar of Elyvilon.
  5421 | D:6      | Found a shadowy altar of Dithmenos.
  5422 | D:6      | Found a glowing golden altar of the Shining One.
  5568 | D:6      | Found Qumogent's Food Shop.
  5734 | D:6      | Reached XP level 9. HP: 47/49 MP: 11/11
  6235 | D:6      | Found a staircase to the Ecumenical Temple.
  6246 | Temple   | Entered the Ecumenical Temple
  6269 | Temple   | Became a worshipper of Ashenzari the Shackled
  6535 | D:6      | Bought a pair of gloves for 99 gold pieces
  6648 | D:6      | Found Synix's Distillery.
  6679 | D:7      | Found Tuabbecw's Distillery.
  6855 | D:7      | Noticed Menkaure
  6886 | D:7      | Killed Menkaure
  7765 | D:8      | Found Oneil's General Store.
  7765 | D:8      | Noticed a two-headed ogre
  7774 | D:8      | Noticed a two-headed ogre
  7850 | D:7      | Killed a two-headed ogre
  8166 | D:8      | Noticed a two-headed ogre
  8169 | D:8      | Found an ancient bone altar of Kikubaaqudgha.
  8203 | D:7      | Reached XP level 10. HP: 48/54 MP: 12/12
  8228 | D:8      | Noticed Grum
  8265 | D:8      | Noticed a two-headed ogre
  8340 | D:7      | Killed a two-headed ogre
  8449 | D:7      | Killed a two-headed ogre
  8449 | D:7      | Reached skill level 5 in Armour
  8492 | D:7      | Killed a two-headed ogre
  8548 | D:8      | Found Nuotuthe's General Store.
  8917 | D:8      | Killed Grum
  8929 | D:8      | Found a shimmering altar of Xom.
  8930 | D:8      | Found a hazy altar of Hepliaklqana.
  9012 | D:8      | Reached skill level 10 in Dodging
  9156 | D:9      | Found an ornate altar of the Wu Jian Council.
  9209 | D:9      | Reached XP level 11. HP: 45/58 MP: 13/13
  9733 | D:9      | Reached * piety under Ashenzari
 10197 | D:10     | Entered Level 10 of the Dungeon
 10197 | D:10     | Noticed a death yak
 10197 | D:10     | Noticed Erolcha
 10204 | D:10     | Killed Erolcha
 10205 | D:10     | Noticed a death yak
 10209 | D:10     | Noticed a death yak
 10212 | D:10     | Killed a death yak
 10212 | D:10     | Reached skill level 10 in Short Blades
 10221 | D:10     | Killed a death yak
 10221 | D:10     | Reached skill level 3 in Spellcasting
 10381 | D:10     | Found a staircase to the Lair.
 10430 | D:10     | Killed a death yak
 10430 | D:10     | Reached skill level 5 in Spellcasting
 10616 | D:10     | Reached skill level 6 in Spellcasting
 10744 | D:10     | Reached skill level 7 in Spellcasting
 11405 | Lair:1   | Entered Level 1 of the Lair of Beasts
 11570 | D:6      | Bought an ichor-stained cloak for 218 gold pieces
 11585 | D:6      | Identified the cursed +0 cloak of Patterns {+Inv rElec} (You bought it in a shop on level 6 of the Dungeon)
 11822 | Lair:1   | Reached skill level 8 in Spellcasting
 11928 | Lair:1   | Reached skill level 9 in Spellcasting
 12058 | Lair:1   | Reached skill level 1 in Evocations
 12321 | Lair:1   | Reached XP level 12. HP: 64/64 MP: 27/27
 12353 | Lair:1   | Reached skill level 5 in Evocations
 12905 | D:4      | Killed isock's ghost
 13104 | Lair:2   | Lost mutation: You are partially covered in iridescent scales. (AC +2) [potion of mutation]
 13104 | Lair:2   | Lost mutation: You are resistant to hostile enchantments. (MR+) [potion of mutation]
 13104 | Lair:2   | Gained mutation: You evolve. [potion of mutation]
 13104 | Lair:2   | Gained mutation: You are robust. (+10% HP) [potion of mutation]
 13104 | Lair:2   | Gained mutation: You are surrounded by a mild repulsion field. (EV +2) [potion of mutation]
 14331 | Lair:3   | Found a staircase to the Snake Pit.
 14790 | Lair:3   | Noticed a five-headed hydra
 14802 | Lair:3   | Killed a five-headed hydra
 14802 | Lair:3   | Reached skill level 10 in Armour
 14827 | Lair:3   | Reached ** piety under Ashenzari
 15030 | Lair:3   | Gained mutation: You have a somewhat thin skeletal structure. (Dex +2, Stealth) [evolution]
 15303 | Lair:4   | Reached skill level 10 in Spellcasting
 15420 | Lair:4   | Found a staircase to the Shoals.
 15459 | Lair:4   | Noticed an eight-headed hydra
 15748 | D:11     | Reached skill level 11 in Spellcasting
 15934 | D:11     | Reached XP level 13. HP: 67/74 MP: 30/30
 15982 | D:11     | Gained mutation: You are occasionally teleported next to monsters. [mutagenic meat]
 15983 | D:11     | Gained mutation: Your spells are a little easier to cast, but a little less powerful. [mutagenic meat]
 16061 | D:11     | Lost mutation: You expend magic power (3 MP) to strengthen your wands. [potion of mutation]
 16061 | D:11     | Lost mutation: You have large cloven feet. [potion of mutation]
 16061 | D:11     | Gained mutation: You have large cloven feet. [potion of mutation]
 16061 | D:11     | Gained mutation: Your system is resistant to poisons. (rPois) [potion of mutation]
 16062 | D:11     | Lost mutation: Your system is resistant to poisons. (rPois) [potion of mutation]
 16062 | D:11     | Lost mutation: You are robust. (+10% HP) [potion of mutation]
 16062 | D:11     | Lost mutation: You are occasionally teleported next to monsters. [potion of mutation]
 16062 | D:11     | Lost mutation: You are surrounded by a mild repulsion field. (EV +2) [potion of mutation]
 16062 | D:11     | Gained mutation: You are partially covered in iridescent scales. (AC +2) [potion of mutation]
 16062 | D:11     | Gained mutation: You are partially covered in rugged brown scales. (AC +1, +3% HP) [potion of mutation]
 16102 | D:11     | Reached skill level 12 in Spellcasting
 16425 | D:11     | Reached skill level 13 in Spellcasting
 16856 | D:11     | Found a staircase to the Orcish Mines.
 17053 | D:6      | Bought a pair of boots for 99 gold pieces
 17053 | D:6      | Bought a dazzling chain mail for 209 gold pieces
 17063 | D:6      | Identified the +8 chain mail of Limited Liability {rPois Dex+7 SInv} (You bought it in a shop on level 6 of the Dungeon)
 17199 | Orc:1    | Entered Level 1 of the Orcish Mines
 17199 | Orc:1    | Found Archagam's Weapon Shoppe.
 17638 | Orc:1    | Found a roughly hewn altar of Beogh.
 18292 | Orc:2    | Entered Level 2 of the Orcish Mines
 18292 | Orc:2    | Found a staircase to the Elven Halls.
 18329 | Orc:2    | Found a frozen archway.
 18361 | IceCv    | Entered an ice cave
 18389 | IceCv    | Reached skill level 5 in Fighting
 18852 | IceCv    | Found the ring of Robustness {AC+8}
 19195 | Orc:2    | Reached *** piety under Ashenzari
 19211 | Orc:2    | Found a bloodstained altar of Trog.
 19578 | Orc:2    | Found Biakaymm's Armour Shop.
 19651 | Orc:2    | HP: 1/78 [two-headed ogre/exploding inner flame[the player character] (24)]
 19964 | Orc:1    | Reached XP level 14. HP: 45/84 MP: 33/33
 20128 | D:8      | Bought a scroll of remove curse for 39 gold pieces
 20128 | D:8      | Bought a scroll of remove curse for 39 gold pieces
 20329 | Orc:2    | Found Bikocvim's Antique Armour Boutique.
 20334 | Orc:2    | Found Nudwog's Food Emporium.
 20337 | Orc:2    | Bought a pair of faintly glowing gloves for 285 gold pieces
 20337 | Orc:2    | Bought a pair of fine boots for 285 gold pieces
 20451 | Orc:2    | Identified the +1 pair of gloves "Jefaag" {rF- rC+ Str+3} (You bought it in a shop on level 2 of the Orcish Mines)
 20478 | Orc:2    | Found Hetanyny's Assorted Antiques.
 20608 | Orc:2    | Bought a runed cloak for 202 gold pieces
 22085 | Lair:5   | Reached **** piety under Ashenzari
 22574 | Lair:6   | Entered Level 6 of the Lair of Beasts
 22609 | Lair:6   | Found a viscous altar of Jiyva.
 22609 | Lair:6   | Found a staircase to the Slime Pits.
 22699 | Lair:6   | Reached skill level 10 in Stealth
 23159 | Lair:6   | Gained mutation: You have a pair of small horns on your head. [evolution]
 23163 | Lair:6   | Lost mutation: You have a pair of small horns on your head. [potion of mutation]
 23163 | Lair:6   | Lost mutation: You are partially covered in iridescent scales. (AC +2) [potion of mutation]
 23163 | Lair:6   | Lost mutation: Your flesh is cold resistant. (rC+) [potion of mutation]
 23163 | Lair:6   | Lost mutation: You have supernaturally acute eyesight. (SInv) [potion of mutation]
 23163 | Lair:6   | Gained mutation: Your system is resistant to poisons. (rPois) [potion of mutation]
 23164 | Lair:6   | Lost mutation: Your spells are a little easier to cast, but a little less powerful. [potion of mutation]
 23164 | Lair:6   | Gained mutation: You have sharp fingernails. [potion of mutation]
 23164 | Lair:6   | Gained mutation: You rapidly evolve. [potion of mutation]
 23198 | Lair:6   | Identified the cursed +0 pair of boots "Zipugef" {rElec rC- rN+++} (You bought it in a shop on level 2 of the Orcish Mines)
 23384 | Lair:6   | Reached skill level 14 in Spellcasting
 23693 | Lair:6   | Reached skill level 15 in Spellcasting
 23819 | Lair:6   | Learned a level 3 spell: Regeneration
 23824 | Lair:6   | Learned a level 4 spell: Animate Dead
 23829 | Lair:6   | Learned a level 4 spell: Control Undead
 24168 | D:12     | Reached XP level 15. HP: 49/88 MP: 36/36
 24301 | D:12     | Noticed Frances
 24334 | D:12     | Got the cursed rapier "Dacop" {pierce, Dex+6}
 24335 | D:12     | Identified the cursed +2 rapier "Dacop" {pierce, Dex+6} (You found it on level 12 of the Dungeon)
 24356 | D:12     | Noticed Psyche
 24374 | D:12     | Killed Psyche
 24395 | D:12     | Gained mutation: You are frail. (-10% HP) [mutagenic meat]
 24436 | D:12     | Noticed Kirke
 24466 | D:12     | Killed Kirke
 24724 | D:12     | Reached ***** piety under Ashenzari
 25005 | D:12     | Killed Frances
 25245 | D:12     | Noticed a fire giant
 25265 | D:12     | Noticed a storm dragon
 25265 | D:12     | an entropy weaver changed into a storm dragon
 25282 | D:12     | a storm dragon changed into a minotaur
 25304 | D:12     | Killed a fire giant
 25316 | D:12     | Gained mutation: You are very frail. (-20% HP) [mutagenic meat]
 25317 | D:12     | Gained mutation: Your flesh is heat resistant. (rF+) [mutagenic meat]
 25601 | D:13     | Found an ancient bone altar of Kikubaaqudgha.
 26424 | D:14     | Identified the +12 rapier "Killer Klown's Bane" {pierce, Int+6}
 26462 | D:14     | Found a sparkling altar of Nemelex Xobeh.
 26761 | D:14     | Reached skill level 5 in Necromancy
 26801 | D:14     | Found an opulent altar of Gozag.
 27108 | D:15     | Entered Level 15 of the Dungeon
 27326 | D:15     | Found Giub's Distillery.
 27353 | D:15     | Lost mutation: You are very frail. (-20% HP) [potion of mutation]
 27353 | D:15     | Lost mutation: You are frail. (-10% HP) [potion of mutation]
 27353 | D:15     | Lost mutation: You are partially covered in rugged brown scales. (AC +1, +3% HP) [potion of mutation]
 27353 | D:15     | Gained mutation: Scrolls take you a little longer to read. [potion of mutation]
 27353 | D:15     | Gained mutation: You are covered in fur. (AC +1) [potion of mutation]
 27482 | D:15     | Reached skill level 1 in Charms
 27589 | D:15     | Found a shimmering altar of Xom.
 27671 | D:15     | Found a staircase to the Depths.
 27736 | D:15     | Reached skill level 5 in Charms
 28041 | Shoals:1 | Entered Level 1 of the Shoals
 28041 | Shoals:1 | Gained mutation: Your muscles are strong. (Str +2) [evolution]
 28639 | Shoals:1 | Reached ****** piety under Ashenzari
 28841 | Shoals:2 | Reached skill level 10 in Necromancy
 28889 | Shoals:2 | Noticed Roxanne
 28913 | Shoals:2 | Reached XP level 16. HP: 78/92 MP: 33/37
 29265 | Shoals:2 | Noticed Louise
 29280 | Shoals:2 | Killed Roxanne
 29280 | Shoals:2 | Reached skill level 16 in Spellcasting
 29286 | Shoals:2 | Killed Louise
 29301 | Shoals:2 | Found Tarphotorph's Island Escapes.
 29312 | Shoals:2 | Lost mutation: Your muscles are strong. (Str +2) [evolution]
 29840 | Shoals:3 | Reached skill level 17 in Spellcasting
 30110 | Shoals:3 | Noticed a kraken
 30391 | Shoals:3 | Reached skill level 18 in Spellcasting
 30629 | Shoals:4 | Entered Level 4 of the Shoals
 30629 | Shoals:4 | Found Toqutzucu's Magic Scroll Shop.
 30629 | Shoals:4 | Noticed Polyphemus
 30809 | Shoals:4 | Identified the +5 hand axe of Moral Flaws {flame, MR+ Str+4}
 31087 | Shoals:4 | Found Boarefat's Gadget Emporium.
 31114 | Shoals:4 | Found Cenu's Antique Armour Boutique.
 31822 | Shoals:4 | Bought a scroll of acquirement for 676 gold pieces
 31843 | Shoals:4 | Noticed Ilsuiw
 31907 | Shoals:4 | Got a barnacled rune of Zot
 31986 | Shoals:4 | Reached XP level 17. HP: 93/96 MP: 41/41
 32100 | Shoals:4 | Gained mutation: You are resistant to hostile enchantments. (MR+) [evolution]
 32116 | Shoals:4 | Killed Polyphemus
 32473 | Snake:1  | Entered Level 1 of the Snake Pit
 32473 | Snake:1  | Found Mubadoac's Merry Market.
 32505 | Snake:1  | Bought a book of Minor Magic for 300 gold pieces
 32509 | Snake:1  | Learned a level 3 spell: Mephitic Cloud
 32513 | Snake:1  | Learned a level 3 spell: Conjure Flame
 32516 | Snake:1  | Learned a level 2 spell: Blink
 32559 | Snake:1  | Reached skill level 1 in Conjurations
 32576 | Snake:1  | Found Xiokhlah's Weapon Emporium.
 32622 | Snake:1  | Got the cursed pair of gloves of Depression {rC+}
 32633 | Snake:1  | Identified the cursed +0 pair of gloves of Depression {rC+} (You acquired it on level 1 of the Snake Pit)
 32755 | Snake:1  | Found Dabouxt's Antique Weapon Shoppe.
 32766 | Snake:1  | Found an ornate altar of the Wu Jian Council.
 33200 | Snake:2  | Found Zepad's Gadget Emporium.
 33200 | Snake:2  | Found Awoe's Jewellery Shop.
 33201 | Snake:2  | Found Dulyaruiwk's Gadget Emporium.
 33309 | Snake:2  | Found Plog's General Store.
 33328 | Snake:2  | Reached skill level 5 in Conjurations
 33404 | Snake:2  | Noticed Nikola
 33409 | Snake:2  | Killed Nikola
 33808 | Snake:2  | Noticed Aizul
 33840 | Snake:2  | Killed Aizul
 34565 | Snake:3  | Gained mutation: Your spells are a little harder to cast, but a little more powerful. [evolution]
 34729 | Snake:3  | Noticed Vashnia
 34923 | Snake:3  | Noticed Donald
 34951 | Snake:3  | Killed Donald
 34951 | Snake:3  | Reached skill level 10 in Charms
 35683 | Snake:3  | Reached XP level 18. HP: 92/101 MP: 39/42
 35984 | Snake:3  | Killed Vashnia
 36058 | Snake:4  | Entered Level 4 of the Snake Pit
 36108 | Snake:4  | Learned a level 4 spell: Throw Icicle
 36113 | Snake:4  | Learned a level 4 spell: Summon Ice Beast
 36766 | Snake:4  | Reached skill level 1 in Ice Magic
 37391 | Snake:4  | Reached skill level 5 in Ice Magic
 37417 | Snake:4  | Lost mutation: Your flesh is heat resistant. (rF+) [mutagenic meat]
 37419 | Snake:4  | Lost mutation: You are resistant to hostile enchantments. (MR+) [mutagenic meat]
 37420 | Snake:4  | Gained mutation: Your mind is acute. (Int +2) [mutagenic meat]
 37421 | Snake:4  | Gained mutation: Armour fits poorly on your strangely shaped body. [mutagenic meat]
 37423 | Snake:4  | Lost mutation: You have large cloven feet. [potion of mutation]
 37423 | Snake:4  | Lost mutation: Your mind is acute. (Int +2) [potion of mutation]
 37423 | Snake:4  | Lost mutation: Your spells are a little harder to cast, but a little more powerful. [potion of mutation]
 37423 | Snake:4  | Gained mutation: You possess an exceptional clarity of mind. [potion of mutation]
 37423 | Snake:4  | Gained mutation: Your spells are a little easier to cast, but a little less powerful. [potion of mutation]
 37423 | Snake:4  | Gained mutation: Your mind is acute. (Int +2) [potion of mutation]
 37424 | Snake:4  | Lost mutation: Your mind is acute. (Int +2) [potion of mutation]
 37424 | Snake:4  | Lost mutation: You have sharp fingernails. [potion of mutation]
 37424 | Snake:4  | Lost mutation: Armour fits poorly on your strangely shaped body. [potion of mutation]
 37424 | Snake:4  | Gained mutation: You have a pair of small antennae on your head. [potion of mutation]
 37425 | Snake:4  | Lost mutation: Scrolls take you a little longer to read. [potion of mutation]
 37425 | Snake:4  | Lost mutation: You have a somewhat thin skeletal structure. (Dex +2, Stealth) [potion of mutation]
 37425 | Snake:4  | Gained mutation: You are partially covered in thin metallic scales. (AC +2) [potion of mutation]
 37426 | Snake:4  | Lost mutation: Your spells are a little easier to cast, but a little less powerful. [potion of mutation]
 37426 | Snake:4  | Lost mutation: You have a pair of small antennae on your head. [potion of mutation]
 37426 | Snake:4  | Gained mutation: You are surrounded by a mild repulsion field. (EV +2) [potion of mutation]
 37426 | Snake:4  | Gained mutation: You are frail. (-10% HP) [potion of mutation]
 37426 | Snake:4  | Lost mutation: You are frail. (-10% HP) [potion of mutation]
 37625 | Snake:4  | Gained mutation: You have a pair of small horns on your head. [mutagenic meat]
 37626 | Snake:4  | Lost mutation: You possess an exceptional clarity of mind. [mutagenic meat]
 37627 | Snake:4  | Gained mutation: You have sharp toenails. [mutagenic meat]
 37629 | Snake:4  | Lost mutation: You have a pair of small horns on your head. [potion of mutation]
 37629 | Snake:4  | Lost mutation: You are covered in fur. (AC +1) [potion of mutation]
 37629 | Snake:4  | Gained mutation: You are robust. (+10% HP) [potion of mutation]
 37629 | Snake:4  | Gained mutation: You have a pair of small horns on your head. [potion of mutation]
 37629 | Snake:4  | Gained mutation: Your flesh is heat resistant. (rF+) [potion of mutation]
 37920 | Snake:4  | Reached skill level 1 in Fire Magic
 38035 | Snake:4  | Gained mutation: You are agile. (Dex +2) [mutagenic meat]
 38037 | Snake:4  | Gained mutation: Your flesh is cold resistant. (rC+) [mutagenic meat]
 38267 | Snake:4  | Got a serpentine rune of Zot
 38386 | Snake:1  | Bought a potion of mutation for 120 gold pieces
 38386 | Snake:1  | Lost mutation: Your flesh is cold resistant. (rC+) [potion of mutation]
 38386 | Snake:1  | Lost mutation: You are partially covered in thin metallic scales. (AC +2) [potion of mutation]
 38386 | Snake:1  | Lost mutation: You are surrounded by a mild repulsion field. (EV +2) [potion of mutation]
 38386 | Snake:1  | Gained mutation: Your muscles are strong. (Str +2) [potion of mutation]
 38386 | Snake:1  | Gained mutation: You are very agile. (Dex +4) [potion of mutation]
 38486 | D:8      | Bought a potion of mutation for 112 gold pieces
 38486 | D:8      | Lost mutation: You have sharp toenails. [potion of mutation]
 38486 | D:8      | Lost mutation: Your flesh is heat resistant. (rF+) [potion of mutation]
 38486 | D:8      | Lost mutation: Your muscles are strong. (Str +2) [potion of mutation]
 38486 | D:8      | Gained mutation: You can translocate small distances at will. [potion of mutation]
 38486 | D:8      | Gained mutation: You are weak. (Str -2) [potion of mutation]
 38486 | D:8      | Gained mutation: You have sharp toenails. [potion of mutation]
 38486 | D:8      | Gained mutation: You have a pair of horns on your head. [potion of mutation]
 38656 | D:15     | Bought a potion of mutation for 144 gold pieces
 38656 | D:15     | Bought a potion of mutation for 144 gold pieces
 38656 | D:15     | Lost mutation: Your system is resistant to poisons. (rPois) [potion of mutation]
 38656 | D:15     | Lost mutation: You are weak. (Str -2) [potion of mutation]
 38656 | D:15     | Gained mutation: Your flesh is cold resistant. (rC+) [potion of mutation]
 38656 | D:15     | Lost mutation: You can translocate small distances at will. [potion of mutation]
 38656 | D:15     | Gained mutation: You have a somewhat thin skeletal structure. (Dex +2, Stealth) [potion of mutation]
 38657 | D:15     | Lost mutation: You rapidly evolve. [potion of mutation]
 38657 | D:15     | Lost mutation: You evolve. [potion of mutation]
 38657 | D:15     | Lost mutation: You have sharp toenails. [potion of mutation]
 38657 | D:15     | Lost mutation: You are robust. (+10% HP) [potion of mutation]
 38657 | D:15     | Gained mutation: You have a pair of large horns on your head. [potion of mutation]
 38657 | D:15     | Gained mutation: You are partially covered in icy blue scales. (AC +2) [potion of mutation]
 38657 | D:15     | Gained mutation: You have supernaturally acute eyesight. (SInv) [potion of mutation]
 39113 | Depths:1 | Entered Level 1 of the Depths
 39131 | D:15     | Reached skill level 5 in Fire Magic
 39257 | D:15     | Reached XP level 19. HP: 82/105 MP: 35/43
 39433 | Elf:1    | Entered Level 1 of the Elven Halls
 39446 | Elf:1    | Reached skill level 1 in Air Magic
 39796 | Elf:1    | Reached skill level 5 in Air Magic
 39866 | Elf:1    | Reached skill level 1 in Summonings
 39936 | Elf:1    | Lost mutation: You are very agile. (Dex +4) [a neqoxec]
 40049 | Elf:1    | Reached skill level 5 in Summonings
 40127 | Elf:1    | Identified the +7 spear of Resumed Hostilities {elec, +Inv Str+3 Int+4}
 40696 | Elf:2    | Found Zyesiymu's Food Boutique.
 40785 | Elf:2    | Reached skill level 1 in Translocations
 40858 | Elf:2    | Found a huge runed gate.
 40858 | Elf:2    | Found a huge runed gate.
 40864 | Elf:2    | Found a huge runed gate.
 40864 | Elf:2    | Found a huge runed gate.
 40864 | Elf:2    | Found a huge runed gate.
 41550 | Elf:2    | Reached skill level 10 in Evocations
 41604 | Elf:2    | Lost mutation: You are agile. (Dex +2) [mutagenic glow]
 41820 | Elf:3    | Entered Level 3 of the Elven Halls
 42578 | Elf:3    | Identified the +5 robe of the Past {Dex+3} (You took it off a deep elf knight on level 3 of the Elven Halls)
 43054 | Elf:3    | Noticed a Brimstone Fiend
 43170 | Elf:3    | Reached XP level 20. HP: 105/111 MP: 44/44
 43233 | Elf:3    | Identified the ring "Coshowiu" {+Fly Int+3 Dex+4 Slay+3} (You took it off a deep elf death mage on level 3 of the Elven Halls)
 43567 | Elf:3    | Reached skill level 15 in Stealth
 44222 | Elf:3    | Identified the ring of Impatience {rCorr *Drain +Blink rElec rF+} (You took it off a deep elf sorcerer on level 3 of the Elven Halls)
 44274 | Elf:3    | Identified the +3 chain mail "Ujustib" {rN++ Regen+ Str-3 Dex+3}
 44310 | Elf:3    | Learned a level 4 spell: Cause Fear
 44313 | Elf:3    | Learned a level 2 spell: Shroud of Golubria
 44317 | Elf:3    | Learned a level 3 spell: Inner Flame
 44377 | Elf:3    | Learned a level 3 spell: Confuse
 44384 | Elf:3    | Identified the Handbook of the Flying Rocks
 44393 | Elf:3    | Learned a level 6 spell: Freezing Cloud
 44399 | Elf:3    | Learned a level 5 spell: Bolt of Magma
 44596 | Orc:2    | Bought a twisted scale mail for 270 gold pieces
 44596 | Orc:2    | Identified the cursed +1 scale mail of Philately {rF++ rC+ Dex+4} (You bought it in a shop on level 2 of the Orcish Mines)
 44777 | D:15     | Reached skill level 1 in Hexes
 44989 | Depths:1 | Reached skill level 5 in Hexes
 45052 | Depths:1 | Identified the ring of Riufasy {Fire +Blink Str+4 Dex+5}
 45055 | Depths:1 | Found Luett's Armour Shop.
 45129 | Depths:1 | Found Suvvaa's General Store.
 45138 | Depths:1 | Found Umyfor's Armour Shoppe.
 45168 | Depths:1 | Found a gateway to a ziggurat.
 45187 | Depths:1 | Lost mutation: You have a pair of large horns on your head. [mutagenic meat]
 45188 | Depths:1 | Gained mutation: Your flesh is very cold resistant. (rC++) [mutagenic meat]
 45189 | Depths:1 | Lost mutation: Your flesh is very cold resistant. (rC++) [mutagenic meat]
 45191 | Depths:1 | Found Fuel's Antique Weapon Boutique.
 45222 | Depths:1 | Bought a smoking rapier for 279 gold pieces
 45222 | Depths:1 | Identified the cursed +2 rapier of Fedhas's Generosity {drain, Int+4} (You bought it in a shop on level 1 of the Depths)
 45290 | Depths:1 | Found a gateway to Hell.
 45680 | Depths:1 | Found Ihag's Armour Shoppe.
 46108 | Depths:2 | Reached skill level 10 in Hexes
 46630 | Depths:2 | Noticed an ancient lich
 46687 | Depths:2 | Found a one-way gate leading to the halls of Pandemonium.
 46701 | Depths:2 | Reached skill level 10 in Conjurations
 46813 | Depths:2 | Identified the +1 chain mail "Wicayxyxt" {+Blink MP+9 Stlth+}
 46834 | Depths:2 | Reached XP level 21. HP: 115/115 MP: 45/45
 46947 | Depths:2 | Identified the +5 ring mail of Restlessness {+Inv rF+ Dex+3 Stlth+}
 47181 | Depths:2 | Gained mutation: Your mind is acute. (Int +2) [mutagenic meat]
 47184 | Depths:2 | Gained mutation: You are resistant to hostile enchantments. (MR+) [mutagenic meat]
 47185 | Depths:2 | Gained mutation: Your muscles are strong. (Str +2) [mutagenic meat]
 47501 | Depths:2 | Lost mutation: You have supernaturally acute eyesight. (SInv) [mutagenic meat]
 47502 | Depths:2 | Gained mutation: You do not regenerate when monsters are visible. [mutagenic meat]
 47548 | Depths:2 | Reached XP level 22. HP: 99/115 MP: 41/46
 47797 | Depths:2 | Paralysed by a floating eye for 3 turns
 47803 | Depths:2 | Paralysed by a floating eye for 4 turns
 48277 | Depths:2 | Reached XP level 23. HP: 123/123 MP: 47/47
 48908 | Depths:3 | Reached skill level 1 in Earth Magic
 48996 | Depths:3 | Identified the +0 cloak of Vlad {rCorr}
 49448 | Depths:4 | Gained mutation: Your mind is very acute. (Int +4) [mutagenic meat]
 49449 | Depths:4 | Gained mutation: You possess an exceptional clarity of mind. [mutagenic meat]
 49450 | Depths:4 | Gained mutation: You are partially covered in rugged brown scales. (AC +1, +3% HP) [mutagenic meat]
 49498 | Depths:4 | Lost mutation: Your muscles are strong. (Str +2) [mutagenic meat]
 49502 | Depths:4 | Lost mutation: You possess an exceptional clarity of mind. [mutagenic meat]
 49504 | Depths:4 | Gained mutation: You are resistant to electric shocks. (rElec) [mutagenic meat]
 49507 | Depths:4 | Lost mutation: You do not regenerate when monsters are visible. [mutagenic meat]
 49508 | Depths:4 | Gained mutation: You have sharp fingernails. [mutagenic meat]
 49520 | Depths:4 | Found a one-way gate to the infinite horrors of the Abyss.
 49672 | Depths:4 | Noticed a juggernaut
 49673 | Depths:4 | Identified the +2 pair of boots "Naar" {rN+ Regen+ Int+2}
 49684 | Depths:4 | Reached skill level 10 in Fighting
 50586 | Depths:4 | Found Ziusi's One-of-a-Kind Books.
 50624 | Depths:4 | Found a portal to a secret trove of treasure.
 50632 | Depths:4 | Noticed Jory
 50675 | Depths:4 | Killed Jory
 51411 | Depths:5 | Entered Level 5 of the Depths
 51533 | Depths:5 | Noticed a caustic shrike
 51582 | Depths:5 | HP: 1/140 [vampire knight/enchanted dire flail (17)]
 51584 | Depths:5 | Slain by a deep troll earth mage

Vault maps used:
D:1:      matt_arrival_grand_opening
D:2:      first_bread, serial_glass, glass_columns_a, glass_columns_a,
          uniq_jessica, uniq_crazy_yiuf_cottage
D:3:      grunt_temple_overflow_lords_of_destruction,
          grunt_temple_overflow_forces_of_nature, cheibriados_altar_1,
          uniq_robin
D:5:      minitemple, lemuel_flamethrower_2, uniq_ijyb, uniq_blork_the_orc
D:6:      chequers_temple_overflow_statue_of_worship,
          minmay_temple_entry_poolview, serial_shops, kennysheep_mini,
          nicolae_shop_waterfront, nicolae_shop_trees, shop, shop,
          grunt_decor_cap
D:7:      wad_river_or_something, serial_shops, shop, uniq_menkaure
D:8:      regret_index_temple_of_mockery, kiku_gazebo_garden_becter,
          serial_shops, nicolae_shop_statue_plus, shop, grunt_ogre_cave,
          uniq_grum
D:9:      kennysheep_mini_moat
D:10:     dpeg_lair_monsters, uniq_erolcha
D:11:     hiddenorc1_lemuel
D:12:     minmay_glassy_protrusions, grunt_ministairs_2, uniq_frances,
          uniq_kirke, uniq_psyche
D:13:     grunt_vaults_entry_fortified, basic_altar
D:14:     nemelex_xobeh_ov_fountains_minmay, grunt_gozag_statues
D:15:     hangedman_depths_entry_try_elsewhere_first, roderic_lattice_a,
          serial_shops, shop_statue, basic_altar
Temple:   corrupted_temple
Lair:1:   columned_hall_lemuel, patterned_corridor, grunt_megastairs_3,
          infiniplex_staircase_pool
Lair:2:   kb_forest_paths, minivault_11
Lair:3:   guppyfry_snake_entry_garden
Lair:4:   shoals_dummy_entry, serial_bayou_crossing
Lair:5:   grunt_megastairs_4, lemuel_fruit_tree
Lair:6:   grunt_lair_end_beastmaster, slime_altar_1, serial_bayou_shore_b
Shoals:2: nicolae_island_escapes, uniq_louise, uniq_roxanne
Shoals:4: shoals_end_grunt_ice, shoals_ilsuiw_alternative, serial_shops, shop,
          nicolae_shop_crystal, nicolae_shop_stone, nicolae_shoals_mertower,
          uniq_polyphemus
Snake:1:  serial_shops, shop, shop, basic_altar, nicolae_alphabet_shops,
          statue_in_the_mist_lemuel, st_stairs_12
Snake:2:  serial_shops, shop, minmay_shop_grove, uniq_aizul, uniq_nikola
Snake:3:  st_stairs_6, serial_bayou_shore_a, uniq_vashnia, uniq_donald
Snake:4:  grunt_snake_rune_pools
Orc:1:    serial_shops, shop_coins, basic_altar, roderic_batcave
Orc:2:    st_orc_open, portal_ice_cave_entry_pillars_2, trog_book
Elf:1:    hangedman_elf_disciples
Elf:2:    serial_shops, shop, dk_noncrumbling_3, grunt_ministairs_2
Elf:3:    minmay_elf_hall_spiked
Depths:1: enter_ziggurat_c, serial_shops, nicolae_shop_statue_plus,
          kennysheep_little_box, nicolae_shop_crystal,
          nicolae_shop_behind_doors, shop, pf_hell_entry_tar_river,
          minmay_misc_feat_four_crosses, hangedman_decor_slide_cut,
          minmay_liquid_box, serial_sigils_hangedman_leer,
          kennysheep_minor_cross, grunt_ministairs_4, serial_bayou_shore_b
Depths:2: lemuel_river_lethe, hell_entry, pan_entry
Depths:3: mu_elemental_laboratory, hellmouth_1, pan_entry,
          minmay_misc_feat_pillars, hangedman_decor_push, firewood_loft
Depths:4: grunt_deathspiral_large, nicolae_trove_entry_crossroad,
          minmay_misc_feat_tiny, abyss_entry, pf_hell_entry_great_geh,
          nicolae_rare_books, infiniplex_staircase_trident, uniq_jory
Depths:5: grunt_zot_entry_funnels, hell_entry, abyss_entry_small_statue_room,
          serial_column_ruins, column_ruins_portal_astroid,
          column_ruins_hut_ruined, column_ruins_courtyard_long,
          column_ruins_grid_3, column_ruins_open_medium,
          column_ruins_columns_dead_end, column_ruins_open_small,
          serial_bayou_pond_b, st_stairs_7
IceCv:    ice_cave_small_dragons

Skill      XL: |  1  2  3  4  5  6  7  8  9 10 11 12 13 14 15 16 17 18 19 20 21 22 23 |
---------------+----------------------------------------------------------------------+-----
Short Blades   | 3 4 5 6 7 9 10 | 10.5
Dodging        | 1 6 7 9 10 11 12 14 | 14.0
Armour         | 4 7 10 11 | 11.7
Shields        | 5 6 9 |  9.1
Stealth        | 6 8 11 12 14 16 | 16.1
Spellcasting   | 9 11 13 15 18 | 18.4
Evocations     | 4 5 8 10 | 10.5
Fighting       | 3 7 8 11 | 11.6
Necromancy     | 10 14 | 14.7
Charms         | 5 11 | 11.1
Conjurations   | 8 10 11 | 11.8
Ice Magic      | 8 |  8.6
Fire Magic     | 6 |  6.0
Air Magic      | 5 8 |  8.3
Summonings     | 7 |  7.5
Translocations | 2 |  2.7
Hexes          | 10 | 10.0
Earth Magic    | 4 |  4.6

Action                   |  1- 3 |  4- 6 |  7- 9 | 10-12 | 13-15 | 16-18 | 19-21 | 22-24 || total
-------------------------+-------+-------+-------+-------+-------+-------+-------+-------++-------
Melee: Rapier            |   116 |   310 |   509 |  1697 |  1258 |  2533 |  1378 |   835 ||  8636
       Kick              |       |       |   121 |   526 |   108 |       |       |       ||   755
       Short sword       |       |       |       |       |  1601 |       |       |       ||  1601
       Headbutt          |       |       |       |       |       |    88 |   420 |   288 ||   796
Throw: Throwing net      |       |       |       |       |       |     2 |       |       ||     2
 Cast: Regeneration      |       |       |       |       |     2 |   131 |    70 |    38 ||   241
       Animate Dead      |       |       |       |       |       |     2 |     2 |       ||     4
       Conjure Flame     |       |       |       |       |       |     2 |     2 |       ||     4
       Mephitic Cloud    |       |       |       |       |       |     2 |    61 |    12 ||    75
       Throw Icicle      |       |       |       |       |       |       |     5 |       ||     5
       Shroud of Golubri |       |       |       |       |       |       |     4 |     6 ||    10
       Control Undead    |       |       |       |       |       |       |     1 |       ||     1
       Freezing Cloud    |       |       |       |       |       |       |     1 |     7 ||     8
       Bolt of Magma     |       |       |       |       |       |       |       |     9 ||     9
Invok: Curse Item        |       |       |       |     1 |     2 |     4 |     1 |     3 ||    11
 Abil: Evoke Invisibilit |       |       |       |       |     2 |     3 |    12 |     1 ||    18
Evoke: Wand              |       |       |     1 |     6 |    19 |    16 |     5 |     8 ||    55
       Sack of spiders   |       |       |       |       |       |     2 |       |       ||     2
  Use: Scroll            |     2 |     9 |     7 |     9 |    14 |     7 |    10 |    17 ||    75
       Potion            |       |     6 |     4 |     2 |    16 |    17 |     7 |     5 ||    57
 Stab: Invisible         |       |     2 |       |       |    19 |    17 |    30 |     1 ||    69
       Confused          |       |       |     2 |     1 |       |     1 |    21 |    13 ||    38
       Distracted        |       |       |       |     1 |       |     3 |     4 |     1 ||     9
       Sleeping          |       |       |       |       |    12 |     8 |    27 |     5 ||    52
       Petrified         |       |       |       |       |     5 |       |       |       ||     5
       Petrifying        |       |       |       |       |     2 |       |       |       ||     2
       Held in net/web   |       |       |       |       |       |     2 |       |       ||     2
       Paralysed         |       |       |       |       |       |     2 |       |       ||     2
  Eat: Chunk             |       |     9 |    18 |    26 |    50 |    32 |    32 |    25 ||   192
       Royal jelly       |       |       |     1 |     1 |     1 |     4 |       |       ||     7
       Meat ration       |       |       |       |     1 |       |     3 |     2 |     1 ||     7
       Fruit             |       |       |       |       |       |     3 |       |       ||     3
       Bread ration      |       |       |       |       |       |       |     1 |       ||     1
Armor: Scale mail        |    55 |   110 |   153 |   209 |       |       |       |       ||   527
       Skin              |       |    15 |       |       |       |       |       |       ||    15
       Plate armour      |       |       |       |   457 |    52 |       |       |       ||   509
       Chain mail        |       |       |       |       |   943 |   815 |   497 |   275 ||  2530
       Gold dragon scale |       |       |       |       |       |       |       |   103 ||   103
Dodge: Dodged            |    25 |    72 |   201 |   743 |  1439 |  1153 |   708 |   344 ||  4685
Block: Shield            |    65 |   143 |    50 |       |       |       |       |       ||   258
       Buckler           |       |       |   104 |   519 |  1111 |   925 |   498 |   302 ||  3459

Table legend:
 A = Spawn XP
 B = Non-spawn XP
 C = Spawn XP percentage of total XP
 D = Spawn monster count
 E = Non-spawn monster count
 F = Spawn count percentage of total count
 G = Total turns spent on level
                    A         B        C        D         E        F      G
               +---------+---------+-------+---------+---------+-------+---------
         Total |       0 |  718076 |   0.0 |       0 |    1610 |   0.0 | 51584
               +---------+---------+-------+---------+---------+-------+---------
           D:1 |       0 |      31 |   0.0 |       0 |      22 |   0.0 |   705
           D:2 |       0 |     193 |   0.0 |       0 |      30 |   0.0 |   846
           D:3 |       0 |     197 |   0.0 |       0 |      39 |   0.0 |  1461
           D:4 |       0 |     638 |   0.0 |       0 |      19 |   0.0 |  1088
           D:5 |       0 |    1273 |   0.0 |       0 |      28 |   0.0 |   913
           D:6 |       0 |     883 |   0.0 |       0 |      17 |   0.0 |  1976
           D:7 |       0 |    5681 |   0.0 |       0 |      43 |   0.0 |  1943
           D:8 |       0 |    1645 |   0.0 |       0 |      17 |   0.0 |   726
           D:9 |       0 |    2039 |   0.0 |       0 |      30 |   0.0 |  1542
          D:10 |       0 |    5668 |   0.0 |       0 |      23 |   0.0 |  1367
          D:11 |       0 |    9465 |   0.0 |       0 |      73 |   0.0 |  1920
          D:12 |       0 |   16467 |   0.0 |       0 |      46 |   0.0 |  1511
          D:13 |       0 |    1949 |   0.0 |       0 |      14 |   0.0 |   910
          D:14 |       0 |    6941 |   0.0 |       0 |      18 |   0.0 |   956
          D:15 |       0 |   16730 |   0.0 |       0 |      36 |   0.0 |  1220
        Lair:1 |       0 |    4652 |   0.0 |       0 |      23 |   0.0 |  1214
        Lair:2 |       0 |    7390 |   0.0 |       0 |      32 |   0.0 |  1358
        Lair:3 |       0 |    4874 |   0.0 |       0 |      19 |   0.0 |  1185
        Lair:4 |       0 |    7595 |   0.0 |       0 |      29 |   0.0 |  1077
        Lair:5 |       0 |    3935 |   0.0 |       0 |      15 |   0.0 |   759
        Lair:6 |       0 |   18983 |   0.0 |       0 |      44 |   0.0 |  1359
      Shoals:1 |       0 |    9609 |   0.0 |       0 |      23 |   0.0 |   826
      Shoals:2 |       0 |   21488 |   0.0 |       0 |      42 |   0.0 |   900
      Shoals:3 |       0 |   20218 |   0.0 |       0 |      37 |   0.0 |  1015
      Shoals:4 |       0 |   40186 |   0.0 |       0 |      57 |   0.0 |  1579
       Snake:1 |       0 |   10508 |   0.0 |       0 |      23 |   0.0 |   791
       Snake:2 |       0 |   24702 |   0.0 |       0 |      33 |   0.0 |  1626
       Snake:3 |       0 |   41771 |   0.0 |       0 |      64 |   0.0 |  1378
       Snake:4 |       0 |   65770 |   0.0 |       0 |     116 |   0.0 |  2277
         Orc:1 |       0 |    5223 |   0.0 |       0 |      33 |   0.0 |  1067
         Orc:2 |       0 |   15809 |   0.0 |       0 |      65 |   0.0 |  1469
         Elf:1 |       0 |   30520 |   0.0 |       0 |      47 |   0.0 |  1063
         Elf:2 |       0 |   42948 |   0.0 |       0 |      63 |   0.0 |  1992
         Elf:3 |       0 |   54562 |   0.0 |       0 |      49 |   0.0 |  2087
      Depths:1 |       0 |   34927 |   0.0 |       0 |      55 |   0.0 |  1273
      Depths:2 |       0 |   58535 |   0.0 |       0 |     123 |   0.0 |  2485
      Depths:3 |       0 |   33577 |   0.0 |       0 |      45 |   0.0 |   904
      Depths:4 |       0 |   84095 |   0.0 |       0 |      97 |   0.0 |  1992
      Depths:5 |       0 |     954 |   0.0 |       0 |       1 |   0.0 |    79
         IceCv |       0 |    5445 |   0.0 |       0 |      20 |   0.0 |   705
               +---------+---------+-------+---------+---------+-------+---------
